 Dungeon Crawl Stone Soup version 0.26.1-11-gd32895ea62 (webtiles) character file.

Game seed: 17818346224277388808

23689 Almogavar the Destroyer (level 12, 0/91 HPs)
             Began as a Red Draconian Conjurer on May 25, 2021.
             Was an Elder of Sif Muna.
             Shot with an arrow by Nessos (12 damage)
             ... on level 4 of the Lair of Beasts.
             The game lasted 01:19:29 (20328 turns).

Almogavar the Destroyer (Red Draconian Conjurer)   Turns: 20328, Time: 01:19:29

Health: 0/91       AC:  9    Str: 10    XL:     12   Next: 74%
Magic:  25/36      EV: 14    Int: 22    God:    Sif Muna [****..]
Gold:   699        SH:  0    Dex: 11    Spells: 12/34 levels left

rFire    + . .     SeeInvis .   L - staff of poison
rCold    . . .     Faith    .   (no shield)
rNeg     . . .     Spirit   .   (armour unavailable)
rPois    +         Reflect  .   (helmet restricted)
rElec    .         Harm     .   (no cloak)
rCorr    .         Rampage  .   (no gloves)
Will     .....                  w - +0 pair of boots
Stlth    +++.......             (no amulet)
HPRegen  0.25/turn              H - ring of wizardry
MPRegen  0.25/turn              p - ring of magical power

@: lethally poisoned (0 -> -4), hasted, very quick
A: breathe fire, unfitting armour, fire resistance 1, cold-blooded, AC +8
a: Breathe Fire, Renounce Religion, Channel Magic, Forget Spell, Divine Exegesis


You were on level 4 of the Lair of Beasts.
You worshipped Sif Muna.
Sif Muna was greatly pleased with you.
You visited 2 branches of the dungeon, and saw 16 of its levels.
You also visited: Sewer.

You collected 764 gold pieces.
You spent 65 gold pieces at shops.

Inventory:

Hand Weapons
 B - the +0 hand axe "Cucy" {vorpal, rF++ Int+7}
   (You found it on level 8 of the Dungeon)

   It inflicts extra damage upon your enemies.
   It affects your intelligence (+7).
   It greatly protects you from fire.
Armour
 w - a +0 pair of boots (worn)
Magical Staves
 v - an uncursed staff of death
 C - an uncursed staff of air
 G - an uncursed staff of earth
 I - an uncursed staff of fire
 L - an uncursed staff of poison (weapon)
Jewellery
 m - an uncursed ring of magical power
 n - an uncursed ring of resist corrosion
 p - a ring of magical power (right hand)
 u - an uncursed ring of ice
 E - an uncursed ring of flight
 H - a ring of wizardry (left hand)
 M - a +6 ring of intelligence
 O - a +6 ring of intelligence
Wands
 k - a wand of paralysis (8)
 q - a wand of acid (8)
 y - a wand of iceblast (8)
 P - a wand of polymorph (9)
 Q - a wand of flame (19)
 R - a wand of random effects (12)
Scrolls
 a - 4 scrolls of fear
 c - 4 scrolls of enchant weapon
 d - 5 scrolls of teleportation
 e - 4 scrolls of blinking
 h - a scroll of magic mapping
 l - 6 scrolls of remove curse
 o - 7 scrolls of fog
 r - a scroll of enchant armour {unknown}
 D - 3 scrolls of holy word {unknown}
Potions
 b - 5 potions of curing
 f - 2 potions of brilliance
 g - 3 potions of heal wounds
 i - 4 potions of berserk rage
 j - 3 potions of haste
 s - 4 potions of magic {unknown}
 t - a potion of might {unknown}
 x - 2 potions of degeneration {unknown}
 z - a potion of mutation {unknown}
 A - 3 potions of lignification {unknown}
 F - a potion of attraction {unknown}
Miscellaneous
 J - a condenser vane
 K - a condenser vane
 N - a phial of floods


   Skills:
 + Level 4.2 Fighting
 + Level 5.5 Dodging
 + Level 5.1 Stealth
 + Level 11.9 Spellcasting
 + Level 12.7 Conjurations
 + Level 3.8 Hexes
 - Level 6.1 Translocations
 + Level 0.2 Ice Magic
 * Level 4.1 Evocations


You had 12 spell levels left.
You knew the following spells:

 Your Spells              Type           Power        Failure   Level
a - Magic Dart            Conj           100%         1%          1
b - Searing Ray           Conj           100%         1%          2
c - Dazzling Flash        Conj/Hex       98%          1%          3
d - Iskenderun's Mystic   Conj/Tloc      53%          1%          4
e - Hailstorm             Conj/Ice       41%          1%          4
f - Apportation           Tloc           80%          1%          1
g - Cause Fear            Hex            15%          4%          4
h - Confusing Touch       Hex            30%          1%          3

Your spell library contained the following spells:

 Spells                   Type           Power        Failure   Level
 Beastly Appendage        Tmut           26%          1%          1
 Corona                   Hex            33%          1%          1
 Freeze                   Ice            56%          1%          1
 Sandblast                Erth           26%          1%          1
 Summon Small Mammal      Summ           52%          1%          1
 Ensorcelled Hibernation  Hex/Ice        44%          1%          2
 Stone Arrow              Conj/Erth      82%          1%          3
 Tukima's Dance           Hex            30%          1%          3
 Fulminant Prism          Conj/Hex       24%          1%          4
 Summon Guardian Golem    Hex/Summ       21%          2%          3
 Call Imp                 Summ           13%          3%          2
 Passwall                 Tmut/Erth      10%          3%          2
 Frozen Ramparts          Ice            28%          5%          3
 Ozocubu's Armour         Ice            14%          5%          3
 Call Canine Familiar     Summ           13%          6%          3
 Summon Ice Beast         Ice/Summ       13%          19%         4
 Petrify                  Tmut/Erth      13%          21%         4
 Summon Lightning Spire   Summ/Air       13%          21%         4
 Silence                  Hex/Air        10%          24%         5
 Yara's Violent Unravell  Hex/Tmut       10%          24%         5
 Dispersal                Tloc           20%          24%         6
 Blade Hands              Tmut           6%           45%         5
 Lee's Rapid Deconstruct  Erth           6%           45%         5
 Malign Gateway           Summ/Tloc      13%          99%         7
 Discord                  Hex            15%          100%        8


Dungeon Overview and Level Annotations

Branches:
Dungeon (12/15)            Temple (0/1) D:7            Lair (4/6) D:9
 Shoals (0/4) Lair:2        Snake (0/4) Lair:4          Orc (0/2) D:10
  Sewer (visited)

Altars:
Dithmenos
Elyvilon
Gozag
Hepliaklqana
Kikubaaqudgha
Nemelex Xobeh
Okawaru
Ru
Sif Muna
Trog
Wu Jian
Xom
The Shining One

Shops:
D:5 !

Annotations:
Lair:1 1 runed translucent door, PanSaczeczos's ghost, journeyman OpAE
Lair:4 Nessos


Innate Abilities, Weirdness & Mutations

You can breathe blasts of fire.
Your fiery red scales are hard. (AC +8)
You cannot fit into any form of body armour.
Your flesh is heat resistant. (rF+)
You are cold-blooded and may be slowed by cold attacks.


Message History

You feel yourself speed up.
You feel sick.
Nessos blinks!
Nessos drinks a potion.
Nessos is healed!
Casting: Searing Ray (safe; 1% risk of failure)
Confirm with . or Enter, or press ? or * to list all spells.
Aiming: Searing Ray (safe; 1% risk of failure)
Press: ? - help, Shift-Dir - straight line, f/p - Nessos
Aim: Nessos, wielding a +1 longbow of flaming, wearing a +1 barding of flying and quivering 13 arrows (heavily wounded, fast, chance to confuse on hit: 59%, 10% to evade)
The searing ray hits Nessos!
Nessos is heavily wounded. (Press . to maintain the ray.) Nessos shoots an arrow.
The arrow barely misses you.
The searing ray hits Nessos!
Nessos is severely wounded.
You feel sick.
A nearby plant withers and dies.
Nessos shoots an arrow.
The arrow completely misses you.
The searing ray hits Nessos.
Nessos is severely wounded.
Your hands stop glowing.
You feel sick.
Nessos shoots an arrow.
The arrow hits you!
You die...

#..[........#......####.#.###....
.............)...................
...........[.....................
(................................
.........>.......................
.................c...............
P...........##...#.#.....#..#....
#..........P###..#....P..P#......
###........###..@.....PPP.......)
.....# ##....PPPPP.P.....## ..c..
#(.P.PPPP.PPP....# ....
##PP.(PPPPPPP...## .c..
##..PPPPPPP..###


#..PPPPPPP.## ###PPP.PPP#.# ##....P#### ....... You could see Nessos (fast).

Vanquished Creatures
  6 hydras
  An ugly thing (D:9)
  A manticore (D:10)
  3 merfolk sirens (Lair:2)
  2 black mambas
  6 cane toads
  5 komodo dragons
  A rime drake (Lair:1)
  A merfolk (Lair:2)
  3 blink frogs
  3 trolls (D:10)
  2 polar bears
  A vampire (D:10)
  18 yaks
  A wraith (D:10)
  6 wyverns
  A basilisk (Lair:3)
  6 water moccasins
  2 ice beasts
  3 black bears
  5 orc warriors
  4 sky beasts
  2 ogres
  A phantom (D:8)
  4 centaurs
  19 wolves
  2 big kobolds
  19 bullfrogs
  A wyvern skeleton (D:6)
  2 scorpions
  11 killer bees
  15 wights
  4 howler monkeys
  5 hounds
  3 orc priests
  A centaur skeleton (D:9)
  2 jellies
  A gnoll shaman (D:10)
  An iguana (D:4)
  7 orc wizards
  9 worker ants
  A hound skeleton (D:6)
  A worker ant zombie (D:10)
  10 gnolls
  A howler monkey skeleton (D:10)
  6 river rats (Sewer)
  19 adders
  3 shadow imps
  2 white imps
  An adder zombie (D:9)
  A worm (D:4)
  3 dart slugs
  2 leopard geckos
  27 orcs
  13 ball pythons
  8 bats
  5 giant cockroaches
  11 goblins
  4 hobgoblins
  19 jackals
  6 quokkas
  5 frilled lizards
  14 kobolds
  A leopard gecko skeleton (D:4)
  2 quokka skeletons
  37 rats
392 creatures vanquished.

Vanquished Creatures (others)
  11 fungi
  25 plants
36 creatures vanquished.

Grand Total: 428 creatures vanquished

Notes
Turn   | Place    | Note
-------+----------+-------------------------------------------
     0 | D:1      | Almogavar the Draconian Conjurer began the quest for the
                  | Orb.
     0 | D:1      | Reached XP level 1. HP: 14/14 MP: 3/3
   256 | D:1      | Reached XP level 2. HP: 20/20 MP: 0/5
   310 | D:1      | Learned a level 2 spell: Searing Ray
   934 | D:1      | Reached XP level 3. HP: 26/26 MP: 3/6
  1503 | D:2      | Found a white marble altar of Elyvilon.
  1644 | D:2      | Reached skill level 5 in Conjurations
  1783 | D:2      | Reached XP level 4. HP: 33/33 MP: 0/7
  2922 | D:3      | Found a shimmering altar of Xom.
  2937 | D:3      | Found a sparkling altar of Nemelex Xobeh.
  2937 | D:3      | Found a bloodstained altar of Trog.
  2939 | D:3      | Found a shimmering altar of Xom.
  2939 | D:3      | Found a sparkling altar of Nemelex Xobeh.
  2939 | D:3      | Found a glowing golden altar of the Shining One.
  3025 | D:3      | Found a shadowy altar of Dithmenos.
  3180 | D:4      | Reached XP level 5. HP: 38/38 MP: 9/9
  3200 | D:4      | Found a glowing drain.
  3212 | Sewer    | Entered a sewer
  3584 | Sewer    | Reached skill level 6 in Conjurations
  3885 | Sewer    | Reached XP level 6. HP: 45/45 MP: 11/11
  4128 | D:4      | Found a sacrificial altar of Ru.
  4420 | D:4      | Found a shimmering blue altar of Sif Muna.
  4423 | D:4      | Became a worshipper of Sif Muna the Loreminder
  4471 | D:4      | Your scales start taking on a fiery red colour.
  4471 | D:4      | Reached XP level 7. HP: 50/50 MP: 13/13
  4471 | D:4      | Gained mutation: Your flesh is heat resistant. (rF+) [Red
                  | Draconian growth]
  4915 | D:4      | Noticed a moth of wrath
  4917 | D:4      | Found a bloodstained altar of Trog.
  4934 | D:4      | Reached * piety under Sif Muna
  5006 | D:5      | Entered Level 5 of the Dungeon
  5135 | D:5      | Learned a level 3 spell: Dazzling Flash
  5392 | D:5      | Reached skill level 5 in Spellcasting
  5392 | D:5      | Reached skill level 7 in Conjurations
  5954 | D:5      | Found Ismiub's Distillery.
  5968 | D:5      | Bought a potion of heal wounds for 65 gold pieces
  6284 | D:6      | Reached XP level 8. HP: 57/57 MP: 12/15
  6452 | D:6      | Reached skill level 8 in Conjurations
  6933 | D:6      | Found an opulent altar of Gozag.
  7160 | D:6      | Reached skill level 1 in Hexes
  7572 | D:7      | Reached ** piety under Sif Muna
  7604 | D:7      | Reached XP level 9. HP: 63/63 MP: 13/19
  7826 | D:7      | Found a staircase to the Ecumenical Temple.
  8158 | D:8      | Reached skill level 9 in Conjurations
  8328 | D:8      | Got a faintly glowing hand axe
  8329 | D:8      | Identified the +0 hand axe "Cucy" {vorpal, rF++ Int+7} (You
                  | found it on level 8 of the Dungeon)
  9081 | D:9      | Reached skill level 1 in Fighting
  9407 | D:9      | Found a staircase to the Lair.
  9441 | D:9      | Found a sparkling altar of Nemelex Xobeh.
  9518 | D:9      | Reached skill level 10 in Conjurations
  9749 | D:9      | Reached XP level 10. HP: 71/71 MP: 22/22
  9774 | D:9      | Learned a level 4 spell: Iskenderun's Mystic Blast
  9873 | D:9      | Noticed a green ugly thing
  9888 | D:9      | Found an iron altar of Okawaru.
  9888 | D:9      | Found an ornate altar of the Wu Jian Council.
  9888 | D:9      | Found an ancient bone altar of Kikubaaqudgha.
  9914 | D:9      | HP: 3/71 [poisoned by a green ugly thing]
  9922 | D:9      | HP: 3/71 [poisoned by a green ugly thing]
 10358 | D:10     | Entered Level 10 of the Dungeon
 10402 | D:10     | Reached *** piety under Sif Muna
 10451 | D:10     | Found a sparkling altar of Nemelex Xobeh.
 10455 | D:10     | Found a staircase to the Orcish Mines.
 10470 | D:10     | Reached skill level 1 in Translocations
 11017 | D:9      | Killed a green ugly thing
 11296 | D:9      | Found a hazy altar of Hepliaklqana.
 11726 | D:10     | Reached **** piety under Sif Muna
 12352 | D:10     | Learned a level 4 spell: Hailstorm
 12375 | D:10     | Noticed a manticore
 12376 | D:10     | Noticed a six-headed hydra
 12381 | D:10     | Killed a manticore
 12382 | D:10     | Reached skill level 5 in Stealth
 12382 | D:10     | Reached XP level 11. HP: 70/79 MP: 24/24
 12385 | D:10     | Killed a six-headed hydra
 12386 | D:10     | Reached skill level 11 in Conjurations
 12599 | D:10     | Identified the Almanac of Execration and the Compass
 12799 | D:10     | You fall into a shaft and drop 2 floors!
 13207 | D:10     | Reached skill level 10 in Spellcasting
 13382 | Lair:1   | Entered Level 1 of the Lair of Beasts
 13677 | Lair:1   | Reached ***** piety under Sif Muna
 13677 | Lair:1   | Identified Iczuh's Guide on Moulding (Sif Muna gifted it to
                  | you on level 1 of the Lair of Beasts)
 13677 | Lair:1   | Received a gift from Sif Muna
 14443 | Lair:1   | Reached skill level 5 in Translocations
 14860 | Lair:1   | Found a runed translucent door.
 15445 | Lair:1   | Noticed PanSaczeczos's ghost (journeyman OpAE)
 15708 | Lair:1   | Learned a level 1 spell: Apportation
 15765 | Lair:2   | Noticed a seven-headed hydra
 15794 | Lair:2   | Killed a seven-headed hydra
 16633 | Lair:2   | Found a staircase to the Shoals.
 16747 | Lair:2   | Noticed a seven-headed hydra
 16755 | Lair:2   | Killed a seven-headed hydra
 16756 | Lair:2   | Reached skill level 12 in Conjurations
 16756 | Lair:2   | Reached XP level 12. HP: 30/91 MP: 20/27
 16840 | Lair:2   | Reached skill level 1 in Evocations
 17186 | Lair:2   | Reached skill level 5 in Dodging
 17506 | Lair:3   | Noticed a five-headed hydra
 17516 | Lair:3   | Killed a five-headed hydra
 18173 | Lair:3   | Noticed a five-headed hydra
 18185 | Lair:3   | Killed a five-headed hydra
 19476 | Lair:4   | Noticed an eight-headed hydra
 19484 | Lair:4   | Killed an eight-headed hydra
 19488 | Lair:4   | HP: 4/91 [cane toad (9)]
 19501 | Lair:4   | Found a staircase to the Snake Pit.
 20106 | Lair:4   | Learned a level 4 spell: Cause Fear
 20110 | Lair:4   | Learned a level 3 spell: Confusing Touch
 20128 | Lair:4   | Noticed a four-headed hydra
 20314 | Lair:4   | Noticed Nessos
 20328 | Lair:4   | Shot with an arrow by Nessos

Illustrated notes

Levels and vault maps discovered:
D:1:      heliophobic_arrival_dark_side_of_the_moon, layout_loops_ring
D:2:      minmay_kobold_bridge, layout_rooms, elyvilon_altar_5
D:3:      layout_rooms, doesnt_xom_only_xom, grunt_dithmenos_smoke_and_mirrors
D:4:      layout_loops_ring, tgw_trog, lemuel_blue_sif_altar,
          nicolae_ru_sacrificial_ziggurat, cheibrodos_sewer_entry_drain
D:5:      layout_cave_pods, serial_shops, nicolae_shop_window_shopping,
          cheibrodos_gnoll_hut
D:6:      layout_cave_pools, kennysheep_mini_moat
D:7:      layout_cave_pools, minmay_temple_entry_tees,
          amcnicky_mini_corridor_feature
D:8:      layout_rooms, chequers_serial_rivers_micro_c
D:9:      layout_loops_ring, nicolae_overflow_hidden_temple,
          nzn_hepliaklqana_mist_gate, lair_entry_dummy, roderic_serpentine_path
D:10:     minmay_the_grid_3x2 [minmay_the_grid_small_cups, minmay_the_grid_x,
          minmay_the_grid_empty, minmay_the_grid_empty,
          minmay_the_grid_minigrid_small,
          minmay_the_grid_prize_shrinking_boxes], layout_irregular_city,
          orc_0_dummy, basic_altar
D:11:     layout_loops_cross, nicolae_antique_artefacts,
          nicolae_straight_to_the_point
D:12:     layout_basic, grunt_decor_resistance, fedhas_bush_and_centaur_altar
Lair:1:   layout_layer_cave, serial_rivers, chequers_serial_rivers_large_a,
          chequers_serial_rivers_micro_c, chequers_serial_rivers_room_b,
          chequers_serial_rivers_micro_b, chequers_serial_rivers_small_b,
          ebering_ghost_reflecting_pool, grunt_megastairs_5, lemuel_fruit_tree
Lair:2:   layout_cave_shapes, elwin_shoals_entry_stream, grunt_megastairs_4
Lair:3:   layout_regular_city, minivault_25
Lair:4:   layout_hall_layers, dummy_snake_entry, serial_forest,
          infiniplex_forest_clump_large, infiniplex_forest_clump_long,
          infiniplex_forest_corner_2, infiniplex_forest_straight_2,
          infiniplex_forest_lined_room_2, infiniplex_forest_lined_3,
          infiniplex_forest_clump_medium, uniq_nessos

Skill      XL: |  1  2  3  4  5  6  7  8  9 10 11 12 |
---------------+-------------------------------------+-----
Dodging        | 2 3 4 5 |  5.5
Stealth        | 2 3 4 5 |  5.1
Conjurations   | 5 6 7 8 10 12 | 12.7
Spellcasting   | 3 4 5 6 8 9 11 | 11.9
Hexes          | 1 3 |  3.8
Fighting       | 1 2 3 4 |  4.2
Translocations | 4 6 |  6.1
Evocations     | 4 |  4.1
Ice Magic      | |  0.2

Action                   |  1- 3 |  4- 6 |  7- 9 | 10-12 || total
-------------------------+-------+-------+-------+-------++-------
Melee: Spear             |     5 |       |       |       ||     5
       Staff             |       |       |     1 |    11 ||    12
       Hand axe          |       |       |     2 |     1 ||     3
       Tailslap          |       |       |     1 |     1 ||     2
 Cast: Magic Dart        |    58 |    83 |   128 |   131 ||   400
       Searing Ray       |     8 |    26 |    78 |   163 ||   275
       Dazzling Flash    |       |       |       |     3 ||     3
       Iskenderun's Myst |       |       |       |    41 ||    41
       Hailstorm         |       |       |       |     5 ||     5
       Confusing Touch   |       |       |       |     1 ||     1
 Abil: Breathe Fire      |       |       |     1 |     1 ||     2
  Use: Scroll            |       |     9 |     3 |     9 ||    21
       Potion            |       |       |       |     8 ||     8
 Stab: Sleeping          |     1 |       |       |       ||     1
Armor: Skin              |     5 |     5 |    22 |    45 ||    77
Dodge: Dodged            |     8 |     6 |    37 |   131 ||   182
       Rpst.: Falchion   |       |       |     2 |       ||     2
